 Dungeon Crawl Stone Soup version 0.29-a0-298-g3c90f9a769 (webtiles) character file.

Game seed: 18419356300381366648

100 kae the Firebug (level 4, -6/25 HPs)
             Began as a Tengu Fire Elementalist on Mar 22, 2022.
             Killed from afar by Natasha (12 damage)
             ... with a puff of flame
             ... on level 2 of the Dungeon.
             The game lasted 00:01:19 (2530 turns).

kae the Firebug (Tengu Fire Elementalist)           Turns: 2530, Time: 00:01:20

Health: -6/25      AC:  2    Str:  9    XL:     4   Next: 73%
Magic:  8/8        EV: 12    Int: 17    God:
Gold:   60         SH:  0    Dex: 14    Spells: 2/8 levels left

rFire   . . .      SeeInvis .   d - +0 dagger
rCold   . . .      Faith    .   (no shield)
rNeg    . . .      Spirit   .   a - +0 robe
rPois   .          Reflect  .   (helmet restricted)
rElec   .          Harm     .   (no cloak)
rCorr   .          Rampage  .   (no gloves)
Will    .....                   (boots unavailable)
Stlth   ++........              (no amulet)
HPRegen 0.08/turn               (no ring)
MPRegen 0.11/turn               (no ring)

@: no status effects
A: beak, talons 3
a: no special abilities


You were on level 2 of the Dungeon.
You visited 1 branch of the dungeon, and saw 2 of its levels.

You collected 60 gold pieces.

Inventory:

Hand Weapons
 d - a +0 dagger (weapon)
Armour
 a - a +0 robe (worn)
 i - a +0 pair of gloves
Scrolls
 c - a scroll of torment {unknown}
 e - a scroll of holy word {unknown}
 f - a scroll of identify
 g - a scroll of teleportation {unknown}
 h - a scroll of amnesia {unknown}
 k - a scroll of vulnerability {unknown}
Potions
 b - a potion of magic
 j - a potion of heal wounds
 l - a potion of curing {unknown}


   Skills:
 + Level 1.6 Fighting
 - Level 2.1 Dodging
 - Level 2.0 Stealth
 + Level 2.6 Spellcasting
 + Level 2.8 Conjurations
 * Level 4.4 Fire Magic


You had 2 spell levels left.
You knew the following spells:

 Your Spells              Type           Power      Damage    Failure   Level
a - Foxfire               Conj/Fire      56%        2x1d6     4%          1
b - Scorch                Fire           34%        2d7       4%          2
c - Conjure Flame         Conj/Fire      14%        6-21      12%         3

Your spell library contained the following spells:

 Spells                   Type           Power      Damage    Failure   Level
 Sandblast                Erth           4%         2d4       19%         1
 Passwall                 Tmut/Erth      1%         N/A       28%         2
 Inner Flame              Hex/Fire       9%         N/A       22%         3
 Stone Arrow              Conj/Erth      14%        3d7       30%         3
 Flame Wave               Conj/Fire      14%        2d6       38%         4


Dungeon Overview and Level Annotations

Branches:
Dungeon (2/15)

Altars:

Annotations:
D:2 Natasha


Innate Abilities, Weirdness & Mutations

You have a beak for a mouth.
You have claws for feet.


Message History

Natasha yowls pathetically as she dies!
Your foxfire dissipates!
You see here the felid corpse of Natasha.
Unknown command.
Your magical contamination has completely faded away.
A rat comes into view.
Found 8 gold pieces.
A rat is nearby!
A rat is nearby!
A rat is nearby!
Casting: Foxfire (safe; 4% risk of failure)
Confirm with . or Enter, or press ? or * to list all spells.
You conjure some foxfire!
Casting: Foxfire (safe; 4% risk of failure)
Confirm with . or Enter, or press ? or * to list all spells.
You conjure some foxfire!
The foxfire hits the rat.
You kill the rat!
Your foxfire dissipates!
Your foxfire dissipates! x2
There is an open door here.
Found a stone staircase leading down.
You now have 60 gold pieces (gained 8).
You open the door.
There is an open door here.
Key pressed, stopping explore.
No target in view!
No target in view!
You open the door.
Natasha, Servant of Life and Death comes into view.
She is carrying a wand of flame (7).
Natasha hisses angrily.
Natasha zaps a wand.
The puff of flame hits you!
You see here a +4 ring of slaying.
Natasha is nearby!
Natasha is nearby!
Natasha stares at you and mumbles some strange words.
The magic dart hits you!
* * * LOW HITPOINT WARNING * * *
Okay, then.
Natasha zaps a wand.
The puff of flame hits you!
You die...

.....'..# #...# #
.....##+############. #...# #
.............=..h.... #...# #
..........#########.. #...# #
..........h......# .<.#####...# #
......#'#........# .......'...###
+#'##.#.#........# ..######...'..
......#.#........##..######...###
##.####.#.......@.#......).......
........'.........+..............
........#.........#########.#.###
.#....###.........# #.### #
.#....# #######...# #.# # .#....#
#...# #####.# # .#....# #...#
#<....##### ###...#########...#
#.....##...
##..........#...#####.###......


You could see Natasha.

Vanquished Creatures
  Natasha (twice) (D:2)
  A worm (D:2)
  3 bats
  4 endoplasms (D:2)
  4 giant cockroaches
  4 goblins
  3 hobgoblins (D:1)
  7 jackals
  2 quokkas
  3 ball pythons
  A frilled lizard (D:2)
  6 kobolds
  5 rats
45 creatures vanquished.

Vanquished Creatures (others)
  154 foxfires
154 creatures vanquished.

Grand Total: 199 creatures vanquished

Notes
Turn   | Place    | Note
-------+----------+-------------------------------------------
     0 | D:1      | kae the Tengu Fire Elementalist began the quest for the
                  | Orb.
     0 | D:1      | Reached XP level 1. HP: 10/10 MP: 4/4
   341 | D:1      | Reached XP level 2. HP: 16/16 MP: 3/6
  1162 | D:1      | Reached XP level 3. HP: 20/20 MP: 2/7
  1272 | D:1      | Reached skill level 1 in Fighting
  1477 | D:2      | Learned a level 2 spell: Scorch
  1481 | D:2      | Learned a level 3 spell: Conjure Flame
  1512 | D:2      | Noticed Natasha
  1518 | D:2      | Killed Natasha
  1519 | D:2      | Reached skill level 4 in Fire Magic
  1657 | D:2      | Reached XP level 4. HP: 25/25 MP: 3/8
  2247 | D:2      | Found a faded altar of an unknown god.
  2248 | D:2      | Noticed a great orb of eyes
  2252 | D:2      | Noticed a golden eye
  2256 | D:2      | Noticed a shining eye
  2256 | D:2      | Noticed a golden eye
  2279 | D:2      | Noticed Natasha
  2294 | D:2      | Killed Natasha
  2519 | D:2      | Noticed Natasha
  2530 | D:2      | Killed from afar by Natasha

Illustrated notes

Levels and vault maps discovered:
D:1:      dpeg_arrival_arbitrary_b, layout_loops_ring, minmay_misc_feat_tower
D:2:      minmay_wonky_spiral, layout_basic,
          hellmonk_ecumenical_altar_watching_god, uniq_natasha

Skill      XL: |  1  2  3 |
---------------+----------+-----
Conjurations   | 2 |  2.8
Fighting       | 1 |  1.6
Fire Magic     | 4 |  4.4
Dodging        | |  2.1
Stealth        | |  2.0
Spellcasting   | |  2.6

Action                   |  1- 3 |  4- 6 || total
-------------------------+-------+-------++-------
Melee: Dagger            |     4 |     7 ||    11
       Kick              |     1 |     1 ||     2
       Peck              |       |     1 ||     1
 Cast: Foxfire           |    63 |    30 ||    93
       Scorch            |       |     2 ||     2
  Use: Scroll            |       |     1 ||     1
Armor: Robe              |     3 |     1 ||     4
Dodge: Dodged            |    14 |     4 ||    18

Table legend: (Time is in decaauts)
 A = Elapsed time spent in this place.
 B = Non-inter-level travel time spent in this place.
 C = Inter-level travel time spent in this place.
 D = Time resting spent in this place.
 E = Time spent auto-exploring this place.
 F = Levels seen in this place.
 G = Mean time per level.
                   A        B        C        D        E       F      G
               +--------+--------+--------+--------+--------+-----+--------+
         Total |   2529 |   2492 |     37 |     19 |   2148 |   2 | 1264.5 |
       Dungeon |   2529 |   2492 |     37 |     19 |   2148 |   2 | 1264.5 |
               +--------+--------+--------+--------+--------+-----+--------+

Top non-repeatable levels by time:
     D:1: 1472 daAuts
     D:2: 1056 daAuts
